 Dungeon Crawl Stone Soup version 0.26-a0-651-gb41185065b (webtiles) character file.

Game seed: 2766581690182083917

11255 Apogee the Frost Mage (level 11, -3/94 HPs)
             Began as a Green Draconian Ice Elementalist on Oct 7, 2020.
             Was a Believer of Sif Muna.
             Slain by a warg (7 damage)
             ... on level 11 of the Dungeon.
             The game lasted 00:30:23 (14997 turns).

Apogee the Frost Mage (DrIE)                       Turns: 14997, Time: 00:30:24

Health: -3/94      AC: 19    Str: 10    XL:     11   Next: 46%
Magic:  17/23      EV: 12    Int: 19    God:    Sif Muna [**....]
Gold:   125        SH:  5    Dex: 12    Spells: 13/26 levels left

rFire    . . .     SeeInvis .   O - +1 demon blade (venom)
rCold    . . .     Faith    .   F - +0 buckler
rNeg     . . .     Spirit   .   (armour unavailable)
rPois    +         Reflect  .   (helmet restricted)
rElec    .         Harm     .   (no cloak)
rCorr    .         Rampage  .   D - +2 pair of gloves {archery}
MR       .....                  s - +0 pair of boots
Stlth    ++........             e - amulet of regeneration
HPRegen  0.65/turn              (no ring)
MPRegen  0.18/turn              (no ring)

@: icy armour, short of breath, frozen ramparts
A: breathe noxious fumes, unfitting armour, poison resistance, cold-blooded, AC
+7
a: Breathe Noxious Fumes, Channel Magic, Renounce Religion


You were on level 11 of the Dungeon.
You worshipped Sif Muna.
Sif Muna was pleased with you.
You visited 2 branches of the dungeon, and saw 13 of its levels.

You collected 647 gold pieces.
You spent 522 gold pieces at shops.

Inventory:

Hand Weapons
 a - a +0 club
   (You took it off a hobgoblin on level 1 of the Dungeon)
 f - a +0 mace
   (You took it off a kobold on level 1 of the Dungeon)
 H - the +7 quarterstaff of Action {vorpal, rPois Str+7}
   (You found it on level 8 of the Dungeon)

   It inflicts extra damage upon your enemies.
   It affects your strength (+7).
   It protects you from poison.
 O - a +1 demon blade of venom (weapon)
   (You bought it in a shop on level 10 of the Dungeon)
Armour
 m - a +0 pair of gloves
   (You found it on level 1 of the Dungeon)
 s - a +0 pair of boots (worn)
   (You found it on level 4 of the Dungeon)
 D - a +2 pair of gloves of archery (worn)
   (You found it on level 7 of the Dungeon)
 F - a +0 buckler (worn)
   (You found it on level 7 of the Dungeon)
Jewellery
 e - an amulet of regeneration (around neck)
   (You found it on level 2 of the Dungeon)
 q - an uncursed ring of fire {unknown}
   (You found it on level 3 of the Dungeon)
 w - a cursed ring of attention {unknown}
   (You found it on level 5 of the Dungeon)
 C - an uncursed amulet of the acrobat
   (You found it on level 7 of the Dungeon)
 I - an uncursed amulet of magic regeneration
   (You took it off Joseph on level 8 of the Dungeon)
 K - an uncursed ring of protection from magic {unknown}
   (You found it on level 8 of the Dungeon)
 P - an uncursed ring of protection from fire {unknown}
   (You found it on level 11 of the Dungeon)
Wands
 c - a wand of disintegration (13)
   (You found it on level 9 of the Dungeon)
 t - a wand of flame (14)
   (You found it on level 8 of the Dungeon)
 u - a wand of paralysis (21)
   (You found it on level 3 of the Dungeon)
 x - a wand of acid (9)
   (You found it on level 8 of the Dungeon)
Scrolls
 d - 11 scrolls of identify {@r1}
 g - 6 scrolls of enchant weapon {unknown}
 i - 6 scrolls of remove curse {unknown}
 j - 2 scrolls of immolation {unknown}
 l - 4 scrolls of amnesia {unknown}
 p - 9 scrolls of teleportation {unknown}
 y - 2 scrolls of fear {unknown}
 G - 2 scrolls of noise {unknown}
 L - a scroll of magic mapping {unknown}
 N - 2 scrolls of enchant armour {unknown}
Potions
 b - 3 potions of haste {unknown}
 h - 3 potions of degeneration {unknown}
 k - a potion of stabbing {unknown}
 n - 2 potions of might {unknown}
 o - a potion of magic {unknown}
 r - a potion of cancellation {unknown}
 v - 2 potions of resistance {unknown}
 z - a potion of invisibility {unknown}
 A - 2 potions of lignification {unknown}
 B - 2 potions of ambrosia {unknown}
 E - 3 potions of curing {unknown}
 J - 2 potions of berserk rage {unknown}
 M - a potion of heal wounds {unknown}


   Skills:
 - Level 8.0 Fighting
 + Level 5.8 Long Blades
 - Level 2.0 Maces & Flails
 - Level 1.7 Dodging
 - Level 1.7 Stealth
 - Level 5.0 Shields
 - Level 8.0 Spellcasting
 - Level 4.0 Summonings
 - Level 2.0 Translocations
 - Level 9.3 Ice Magic
 + Level 7.8 Invocations


You had 13 spell levels left.
You knew the following spells:

 Your Spells              Type           Power        Failure   Level
a - Freeze                Ice            ####         1%          1
b - Frozen Ramparts       Ice            #####.       1%          3
c - Ozocubu's Armour      Ice            #####...     1%          3
d - Summon Ice Beast      Ice/Summ       ####....     6%          4
e - Blink                 Tloc           N/A          6%          2

Your spell library contained the following spells:

 Spells                   Type           Power        Failure   Level
 Call Imp                 Summ           ###.....     2%          2
 Magic Dart               Conj           #...         9%          1
 Hailstorm                Conj/Ice       ####....     13%         4
 Slow                     Hex            #.......     14%         2
 Conjure Flame            Conj/Fire      #.......     26%         3
 Mephitic Cloud           Conj/Pois/Air  #.......     26%         3


Dungeon Overview and Level Annotations

Branches:
Dungeon (12/15)            Temple (1/1) D:6            Lair (0/6) D:11
    Orc: D:9-12

Altars:
Cheibriados
Elyvilon
Fedhas
Gozag
Hepliaklqana
Sif Muna
Uskayaw
Vehumet
Wu Jian
Xom
Yredelemnul
The Shining One

Shops:
D:4 *   D:10 (!   D:11 [

Annotations:
D:3 Grinder
D:4 3 runed translucent doors, Flugslaktarn's ghost, amateur DDFi; dtynewydd's ghost, amateur DrTm
D:8 1 runed translucent door


Innate Abilities, Weirdness & Mutations

You can breathe blasts of noxious fumes.
Your lurid green scales are hard. (AC +7)
You cannot fit into any form of body armour.
Your system is resistant to poisons. (rPois)
You are cold-blooded and may be slowed by cold attacks.


Message History

The warg howls! x2; You hear a howl!
You completely miss the warg. The warg bites you. The warg barely misses you.
You riposte.
You barely miss the warg. You block the warg's attack.
You closely miss the warg. The warg bites you. The warg bites you!
You miss the warg. The warg bites you. The warg closely misses you.
The warg bites you.
You slash the warg!
Your tail-slap misses the warg.
The warg bites you! x2
An iguana comes into view.
The warg bites you but does no damage.
The warg howls!
The iguana hisses angrily.
You hit the warg.
The warg is poisoned.
The warg barely misses you. The warg bites you!
You completely miss the warg. The warg barely misses you.
You riposte.
You hit the warg.
A wraith comes into view.
The warg bites you!
* * * LOW HITPOINT WARNING * * *
The warg barely misses you. The warg barely misses you.
You block the warg's attack. The warg bites you!
* * * LOW HITPOINT WARNING * * *
Things that are here:
a +0 giant club; an ogre corpse The warg looks more healthy.
Items here: ( )) †.
The warg misses you. The warg misses you.
You riposte.
You slash the warg!
You kill the warg!
Sif Muna accepts your kill.
There is a stone staircase leading up here.
The warg closely misses you. The warg bites you!
* * * LOW HITPOINT WARNING * * *
You climb upwards.
There is a stone staircase leading down here.
The walls around you are covered in ice.
The wall freezes the warg.
You block the warg's attack. A film of ice covers your body!
The wall freezes the warg.
The warg bites you!!
* * * LOW HITPOINT WARNING * * *
Okay, then.
You slash the warg!
The wall freezes the warg.
The warg bites you but does no damage.
Aim: a warg (heavily wounded)
Okay, then.
Aim: a warg (heavily wounded)
You exhale a blast of noxious fumes.
The blast of choking fumes hits the warg.
The warg completely resists.
The wall freezes the warg.
The warg bites you!
You die...

#........## ##......#####
#(♣. #.....)...#
##.........#####(##
#......#..##
##............#(#
#......##..##
##.............#
#.....###...#
##............# #.....#
##..## ##..........(#
#.....# ###..##
##..........##
#########.....###
#...........# #.§☼○☼☼h@#
#...........# ##........##
#............ #..........#
##........... #.........##
###......... ##..........#
#..........
##...........#####...####...
#.........#...#(.....# ###.
#.......####..^.....## ##
##.....## #........# #


You could see a warg.

Vanquished Creatures
  4 two-headed ogres
  A cyclops (D:11)
  Joseph (D:8)
  Maggie (D:6)
  A troll (D:11)
  Prince Ribbit (D:5)
  3 hippogriffs
  A wyvern (D:10)
  A wraith (D:11)
  Menkaure (D:7)
  A warg (D:12)
  2 water moccasins
  2 porcupines (D:11)
  A soldier ant (D:11)
  5 sky beasts
  2 orc warriors (D:11)
  2 phantoms
  7 ogres
  4 centaurs
  7 bullfrogs
  A water moccasin skeleton (D:10)
  4 scorpions
  12 wights
  3 howler monkeys (D:10)
  2 bullfrog zombies
  A centaur zombie (D:9)
  10 hounds
  3 jellies
  A bullfrog skeleton (D:7)
  3 orc priests
  A centaur skeleton (D:5)
  Jessica (D:3)
  A gnoll shaman (D:4)
  3 iguanas (D:9)
  Natasha (D:3)
  7 orc wizards
  3 worker ants
  2 nameless horrors (D:11)
  8 gnolls
  14 adders
  2 shadow imps
  2 white imps
  3 ufetubi
  2 oozes (D:3)
  An adder skeleton (D:4)
  A worm (D:2)
  8 leopard geckos
  26 orcs
  9 giant cockroaches
  10 hobgoblins
  4 jackals
  5 quokkas
  4 ball pythons
  5 bats
  8 frilled lizards
  A giant cockroach zombie (D:5)
  6 goblins
  14 kobolds
  12 rats
252 creatures vanquished.

Vanquished Creatures (collateral kills)
  2 hydras (D:11)
  A two-headed ogre (D:11)
  A centaur (D:12)
  An ogre (D:12)
  2 wights (D:11)
  A worker ant (D:11)
  An adder (D:8)
9 creatures vanquished.

Vanquished Creatures (others)
  9 fungi (D:11)
  9 plants (D:11)
  6 withered plants (D:4)
24 creatures vanquished.

Grand Total: 285 creatures vanquished

Notes
Turn   | Place    | Note
-------+----------+-------------------------------------------
     0 | D:1      | Apogee the Draconian Ice Elementalist began the quest for
                  | the Orb.
     0 | D:1      | Reached XP level 1. HP: 14/14 MP: 3/3
   427 | D:1      | Reached XP level 2. HP: 7/20 MP: 0/5
   855 | D:1      | Reached XP level 3. HP: 21/26 MP: 7/7
  1714 | D:2      | Found an ornate altar of the Wu Jian Council.
  2293 | D:2      | Reached XP level 4. HP: 21/33 MP: 5/8
  2324 | D:2      | Learned a level 3 spell: Frozen Ramparts
  2328 | D:2      | Learned a level 3 spell: Ozocubu's Armour
  2633 | D:2      | Reached skill level 5 in Ice Magic
  3227 | D:3      | Reached XP level 5. HP: 38/38 MP: 6/10
  3432 | D:3      | Noticed Grinder
  3464 | D:3      | Paralysed by Grinder for 2 turns
  3477 | D:3      | Paralysed by Grinder for 3 turns
  3687 | D:3      | Noticed Jessica
  3696 | D:3      | Killed Jessica
  3951 | D:3      | Noticed Natasha
  3957 | D:3      | Killed Natasha
  4185 | D:3      | Reached XP level 6. HP: 45/45 MP: 12/12
  4663 | D:4      | Reached skill level 6 in Ice Magic
  5055 | D:4      | Found a runed translucent gate.
  5056 | D:4      | Found a runed translucent gate.
  5056 | D:4      | Found a runed translucent gate.
  5057 | D:4      | Noticed dtynewydd's ghost (amateur DrTm)
  5057 | D:4      | Noticed Flugslaktarn's ghost (amateur DDFi)
  5352 | D:4      | Found an opulent altar of Gozag.
  5352 | D:4      | Found Gozag's Platinum Reserve.
  5366 | D:4      | Reached skill level 5 in Spellcasting
  5668 | D:5      | Entered Level 5 of the Dungeon
  5680 | D:5      | Noticed a sky beast
  5692 | D:5      | Killed a sky beast
  5692 | D:5      | Your scales start taking on a lurid green colour.
  5692 | D:5      | Reached XP level 7. HP: 50/50 MP: 10/14
  5692 | D:5      | Gained mutation: Your system is resistant to poisons.
                  | (rPois) [Green Draconian growth]
  5904 | D:5      | Reached skill level 7 in Ice Magic
  6086 | D:5      | Noticed Prince Ribbit
  6112 | D:5      | Killed Prince Ribbit
  6949 | D:5      | Found a hide-covered altar of Uskayaw.
  7059 | D:6      | Found a basalt altar of Yredelemnul.
  7066 | D:6      | Reached XP level 8. HP: 57/57 MP: 10/17
  7122 | D:6      | Found a glowing golden altar of the Shining One.
  7154 | D:6      | Noticed Maggie
  7164 | D:6      | Killed Maggie
  7164 | D:6      | Reached skill level 8 in Ice Magic
  7682 | D:6      | Found a staircase to the Ecumenical Temple.
  7957 | Temple   | Entered the Ecumenical Temple
  7997 | Temple   | Became a worshipper of Sif Muna the Loreminder
  8661 | D:7      | Reached skill level 9 in Ice Magic
  9276 | D:7      | Reached XP level 9. HP: 22/62 MP: 9/20
  9787 | D:7      | Learned a level 4 spell: Summon Ice Beast
  9936 | D:7      | Noticed Menkaure
  9950 | D:7      | Killed Menkaure
  9950 | D:7      | Reached skill level 1 in Shields
  9950 | D:7      | Reached skill level 1 in Summonings
 10085 | D:8      | Noticed a sixfirhy
 10086 | D:8      | Noticed Joseph
 10337 | D:8      | Learned a level 2 spell: Blink
 10361 | D:8      | Found a snail-covered altar of Cheibriados.
 10445 | D:8      | Noticed a two-headed ogre
 10489 | D:8      | Killed a two-headed ogre
 10599 | D:8      | Got a pitted quarterstaff
 10620 | D:8      | Found a runed translucent door.
 10639 | D:8      | Killed Joseph
 10639 | D:8      | Reached skill level 5 in Shields
 10639 | D:8      | Reached skill level 1 in Fighting
 10639 | D:8      | Reached skill level 1 in Maces & Flails
 11049 | D:9      | Reached XP level 10. HP: 41/78 MP: 18/22
 11229 | D:9      | Reached * piety under Sif Muna
 11444 | D:9      | Reached skill level 5 in Fighting
 11508 | D:9      | Noticed a two-headed ogre
 11517 | D:9      | Killed a two-headed ogre
 11631 | D:9      | Found a shimmering altar of Xom.
 11631 | D:9      | Found a radiant altar of Vehumet.
 11685 | D:9      | Found a white marble altar of Elyvilon.
 12005 | D:10     | Entered Level 10 of the Dungeon
 12215 | D:10     | Found Sifeduic's Antique Weapon Shoppe.
 12276 | D:10     | Noticed a two-headed ogre
 12300 | D:10     | Killed a two-headed ogre
 12640 | D:10     | Bought a glowing demon blade for 522 gold pieces
 12640 | D:10     | Identified the +7 quarterstaff of Action {vorpal, rPois
                  | Str+7} (You found it on level 8 of the Dungeon)
 12898 | D:10     | Reached skill level 1 in Long Blades
 13016 | D:10     | Found Ablecwad's Distillery.
 13033 | D:10     | Paralysed by a gnoll for 6 turns
 13246 | D:11     | Noticed a five-headed hydra
 13264 | D:11     | Killed a five-headed hydra
 13264 | D:11     | Reached ** piety under Sif Muna
 13264 | D:11     | Reached skill level 5 in Invocations
 13439 | D:11     | Reached XP level 11. HP: 63/94 MP: 23/23
 13658 | D:11     | Found Kutabomp's Antique Armour Shop.
 13964 | D:11     | Found a staircase to the Lair.
 14027 | D:11     | Noticed a five-headed hydra
 14039 | D:11     | Killed a five-headed hydra
 14247 | D:11     | Noticed a two-headed ogre
 14261 | D:11     | Killed a two-headed ogre
 14436 | D:11     | Noticed a two-headed ogre
 14447 | D:11     | Killed a two-headed ogre
 14447 | D:11     | Reached skill level 5 in Long Blades
 14968 | D:12     | Noticed a skeletal warrior
 14995 | D:11     | HP: 3/94 [warg (18)]
 14997 | D:11     | Slain by a warg

Illustrated notes

Levels and vault maps discovered:
D:1:      minmay_arrival_plants_in_alcoves, layout_basic, minmay_tetromino_s4
D:2:      layout_loops_ring, nicolae_overflow_hidden_temple,
          kennysheep_small_spiral
D:3:      layout_rooms, uniq_jessica, uniq_natasha, uniq_grinder
D:4:      layout_basic, nicolae_gozag_zags_fifth_avenue,
          gammafunk_ghost_cemetery
D:5:      layout_gridville, eat_drink_and_be_merry_uskayaw, uniq_prince_ribbit1
D:6:      layout_cave_pools, marbit_many_paths, overflow_temple_1_default,
          minmay_temple_entry_antechambers, uniq_maggie
D:7:      layout_basic, uniq_menkaure
D:8:      cheibrodos_shockbox, layout_cave_pools, old_standard_altar,
          uniq_joseph
D:9:      layout_cave_pools, gammafunk_temple_overflow_pools, basic_altar
D:10:     layout_gridville, serial_shops, kennysheep_mini_moat, shop,
          dk_noncrumbling_3
D:11:     layout_cave_pods, grunt_lair_entry_orc_guard_hut, serial_shops,
          nicolae_shop_trees
D:12:     layout_cave_pools, minmay_orc_entry_guard_dogs
Temple:   minmay_temple_curvy_branch

Skill      XL: |  1  2  3  4  5  6  7  8  9 10 11 |
---------------+----------------------------------+-----
Spellcasting   | 3 4 5 6 7 8 |  8.0
Ice Magic      | 5 6 7 9 |  9.3
Shields        | 5 |  5.0
Summonings     | 4 |  4.0
Fighting       | 4 8 |  8.0
Maces & Flails | 2 |  2.0
Translocations | 2 |  2.0
Invocations    | 5 7 |  7.8
Long Blades    | 3 5 |  5.8
Dodging        | |  1.7
Stealth        | |  1.7

Action                   |  1- 3 |  4- 6 |  7- 9 | 10-12 || total
-------------------------+-------+-------+-------+-------++-------
Melee: Club              |    56 |       |       |       ||    56
       Tailslap          |    12 |    11 |    32 |    36 ||    91
       Mace              |    58 |   176 |   297 |   142 ||   673
       Demon blade       |       |       |       |   167 ||   167
 Cast: Freeze            |    27 |    19 |    23 |     6 ||    75
       Frozen Ramparts   |       |    12 |    39 |    27 ||    78
       Ozocubu's Armour  |       |       |    11 |    11 ||    22
       Summon Ice Beast  |       |       |     3 |    21 ||    24
 Abil: Breathe Noxious F |       |       |    10 |     8 ||    18
Evoke: Wand              |       |       |       |     3 ||     3
  Use: Scroll            |       |       |     2 |       ||     2
 Stab: Sleeping          |     4 |     4 |     3 |     1 ||    12
       Confused          |       |       |     3 |       ||     3
Armor: Skin              |    60 |    78 |   159 |   172 ||   469
Dodge: Dodged            |   108 |   174 |   253 |   246 ||   781
Block: Buckler           |       |       |       |    20 ||    20
       Rpst.: Demon blade |       |       |       |    34 ||    34

Table legend: (Time is in decaauts)
 A = Elapsed time spent in this place.
 B = Non-inter-level travel time spent in this place.
 C = Inter-level travel time spent in this place.
 D = Time resting spent in this place.
 E = Time spent auto-exploring this place.
 F = Levels seen in this place.
 G = Mean time per level.
                   A        B        C        D        E       F      G
               +--------+--------+--------+--------+--------+-----+--------+
         Total |  15341 |  14669 |    672 |   2360 |   9110 |  13 | 1180.1 |
       Dungeon |  15275 |  14627 |    648 |   2360 |   9076 |  12 | 1272.9 |
        Temple |     65 |     41 |     24 |      0 |     34 |   1 |   65.0 |
               +--------+--------+--------+--------+--------+-----+--------+

Top non-repeatable levels by time:
     D:2: 1680 daAuts
     D:1: 1650 daAuts
     D:7: 1634 daAuts
    D:11: 1605 daAuts
     D:6: 1510 daAuts
     D:4: 1479 daAuts
     D:5: 1468 daAuts
    D:10: 1244 daAuts
     D:9: 1191 daAuts
     D:3: 1003 daAuts
     D:8: 627 daAuts
    D:12: 180 daAuts
  Temple: 65 daAuts
